 Dungeon Crawl Stone Soup version 0.18.1-48-g4cf74bf (webtiles) character file.

156923 Inkary the Warrior (level 17, 0/161 HPs)
             Began as a Minotaur Fighter on Aug 12, 2016.
             Was a High Priest of Okawaru.
             Killed by the raging water
             ... invoked by a water nymph
              (25 damage)
             ... on level 4 of the Shoals on Aug 13, 2016.
             The game lasted 02:17:24 (34912 turns).

Inkary the Warrior (Minotaur Fighter)              Turns: 34912, Time: 02:17:24

Health: 0/161      AC: 19    Str: 33    XL:     17   Next: 11%
Magic:  23/23      EV: 21    Int:  7    God:    Okawaru [*****.]
Gold:   1501       SH: 16    Dex: 21    Spells: 6 memorised, 9 levels left

rFire  + . .     SeeInvis .     T - +1 whip of Uncertain Death {flame, Str+2 Dex+3}
rCold  + . .     Gourm    .     A - +5 ring mail of the Butterfly {rPois Str+3}
rNeg   . . .     Faith    .     t - +0 shield {rC+}
rPois  +         Spirit   .     S - +2 hat
rElec  .         Dismiss  .     G - +1 cloak {MR+}
rCorr  .         Reflect  .     M - +0 pair of gloves
SustAt .         Harm     .     (no boots)
MR     ++...     Clarity  +     V - amulet of regeneration
Stlth  +.........               u - +3 ring of strength
                                q - +3 ring of dexterity

@: flying, very resistant to hostile enchantments, very unstealthy
A: retaliatory headbutt, hooves 1, horns 2, clarity, clever 1, fire resistance
1, mutation resistance 1, strong 1, wild magic 2
a: Heroism, Finesse, Renounce Religion


You were on level 4 of the Shoals.
You worshipped Okawaru.
Okawaru was extremely pleased with you.
You were not hungry.

You visited 6 branches of the dungeon, and saw 31 of its levels.
You also visited: Sewer.

You collected 3002 gold pieces.
You spent 1501 gold pieces at shops.

Inventory:

Hand Weapons
 r - a +3 flail of holy wrath
 T - the +1 whip of Uncertain Death (weapon) {flame, Str+2 Dex+3}
   (You found it on level 11 of the Dungeon)

   It has been specially enchanted to burn those struck by it, causing extra
   injury to most foes and up to half again as much damage against particularly
   susceptible opponents.
   It affects your strength (+2).
   It affects your dexterity (+3).
Missiles
 v - 8 needles of confusion
 y - a throwing net (quivered)
 D - 5 tomahawks of returning
Armour
 t - a +0 shield of cold resistance (worn)
 A - the +5 ring mail of the Butterfly (worn) {rPois Str+3}
   (You found it on level 15 of the Dungeon)

   It affects your strength (+3).
   It protects you from poison.
 G - a +1 cloak of magic resistance (worn)
 M - a +0 pair of gloves (worn)
 S - a +2 hat (worn)
 W - a +6 chain mail of cold resistance
Jewellery
 b - the ring of the Solstice {rCorr rF++ MR+ Int-3 SInv}
   (You bought it in a shop on level 1 of the Orcish Mines)

   [ring of resist corrosion]

   It affects your intelligence (-3).
   It greatly protects you from fire.
   It affects your resistance to hostile enchantments.
   It lets you see invisible.
 n - an uncursed ring of sustain attributes
 o - an uncursed ring of protection from cold
 q - a +3 ring of dexterity (left hand)
 u - a +3 ring of strength (right hand)
 Q - an uncursed amulet of faith
 R - an uncursed amulet of dismissal
 V - an amulet of regeneration (around neck)
Wands
 B - a wand of teleportation (1/9)
 J - a wand of lightning (1/15)
 N - a wand of iceblast (9/15)
Scrolls
 e - 3 scrolls of blinking
 j - 5 scrolls of magic mapping
 l - a scroll of fear
 p - 10 scrolls of remove curse
 w - 5 scrolls of teleportation
 z - 2 scrolls of vulnerability
 H - 2 scrolls of silence
 U - a scroll of holy word
 Y - a scroll of amnesia
Potions
 a - a potion of brilliance
 d - 2 potions of might
 g - 2 potions of agility
 k - 2 potions of lignification
 s - 9 potions of curing
 x - 3 potions of flight
 C - 3 potions of cure mutation
 F - a potion of cancellation
 I - 2 potions of berserk rage
 X - a potion of magic
Books
 P - a book of Transfigurations

   Spells                             Type                      Level
   a - Irradiate                      Conjuration/Transmutation    5
   b - Statue Form                    Transmutation/Earth          6
   c - Hydra Form                     Transmutation                6
   d - Dragon Form                    Transmutation                7
Miscellaneous
 E - a box of beasts {used: 1}
 O - a plain deck of escape {drawn: 3}
Comestibles
 f - 18 bread rations
 i - 7 slices of pizza
 m - 21 meat rations
 L - 6 beef jerkies


   Skills:
 + Level 17.0 Fighting
   Level 1.0(10.8) Axes
 - Level 15.9(16.0) Maces & Flails
 - Level 4.0 Throwing
 + Level 14.6 Armour
 - Level 10.3 Dodging
 + Level 14.9 Shields
 - Level 5.0 Spellcasting
 - Level 8.2 Translocations
 - Level 5.0 Invocations


You had 9 spell levels left.
You knew the following spells:

 Your Spells              Type           Power        Failure   Level  Hunger
a - Blink                 Tloc           N/A          6%          2    ###....
b - Repel Missiles        Chrm/Air       #.....       78%         2    ###....
c - Dragon Form           Trmt           #.........   100%        7    #######
d - Slow                  Hex            #.......     78%         2    ###....
e - Corona                Hex            #......      56%         1    #......
f - Portal Projectile     Tloc           ###...       10%         3    ###....


Dungeon Overview and Level Annotations

Branches:
Dungeon (15/15)            Temple (0/1) D:5            Lair (8/8) D:8
 Shoals (4/4) Lair:4        Snake (1/4) Lair:6        Slime (1/6) Lair:6
    Orc (2/2) D:12            Elf (0/3) Orc:2        Vaults (0/5) D:14
 Depths (0/5) D:15

Altars:
Ashenzari
Elyvilon
Fedhas
Gozag
Kikubaaqudgha
Makhleb
Okawaru
Sif Muna
Jiyva

Shops:
Orc:1 =   Orc:2 %(%}%   Shoals:3 :

Portals:
Pandemonium: Orc:2

Annotations:
Shoals:4 Ilsuiw


Innate Abilities, Weirdness & Mutations

You reflexively headbutt those who attack you in melee.
You have a pair of horns on your head.
You have large cloven feet.
You possess an exceptional clarity of mind.
Your mind is acute. (Int +2)
Your flesh is heat resistant.
You are somewhat resistant to further mutation.
Your muscles are strong. (Str +2)
Your spells are harder to cast, but more powerful.


Message History

You fly up into the air.
The merfolk impaler completely misses you.
The water nymph misses you. You block the merfolk impaler's attack.
A snapping turtle comes into view.
You miss the merfolk impaler.
The snapping turtle hisses angrily.
Your kick misses the merfolk impaler.
The merfolk impaler is almost dead.
You miss the merfolk impaler.
You kick the merfolk impaler, but do no damage.
Your headbutt misses the merfolk impaler.
The merfolk impaler is almost dead.
The water nymph touches you. The water nymph drowns you!
* * * LOW HITPOINT WARNING * * *
The merfolk impaler hits you but does no damage.
Drink which item? (? for menu, Esc to quit)
You feel better. You block the merfolk impaler's attack.
The water nymph points at you and mumbles some strange words.
The water rises up and strikes you!
You die...

≈≈≈≈≈≈≈.#
≈≈≈≈≈≈≈≈≈.≈≈≈≈(≈≈≈≈..
#≈≈≈≈≈≈≈≈≈≈≈≈≈≈≈≈≈≈≈≈.
#≈≈≈≈≈≈≈≈≈≈≈≈t≈≈≈≈≈≈≈#
#≈≈≈≈≈≈≈(≈≈≈≈≈≈≈≈≈≈.≈###
#≈≈≈≈≈≈≈(≈≈≈≈≈≈≈≈≈≈≈<≈≈##
#≈≈≈≈≈≈(≈≈≈≈≈≈≈≈≈≈≈≈<(≈≈m
#≈≈≈≈≈≈†≈m≈≈≈≈≈≈≈≈≈≈≈≈≈)m
#≈≈≈≈≈≈≈@m≈≈≈≈≈[≈≈≈≈≈≈≈≈m
#≈≈≈≈≈≈≈≈≈≈≈≈≈≈≈≈≈≈≈≈≈≈.≈
#≈≈≈≈≈≈≈≈≈≈≈≈≈≈≈≈≈≈≈≈≈≈≈≈
#≈≈≈≈≈≈≈≈≈≈≈≈≈≈≈≈≈≈≈≈≈≈)≈
#≈≈≈≈≈≈≈≈≈≈≈≈##≈#≈##≈....
#≈≈≈≈≈≈≈≈≈≈≈≈##### #.....
#≈≈≈≈≈≈≈≈≈≈### .##...
#≈≈≈≈≈≈≈≈≈≈≈ .. ....
#≈≈≈≈≈≈≈≈≈≈≈# #. #...


You could see a merfolk impaler, a snapping turtle and a water nymph.

Vanquished Creatures
  A kraken (Shoals:3)
  2 stone giants
  The ghost of amentoraz the Warrior, a journeyman GrFi of Okawaru (Lair:8)
  5 dire elephants (Lair:8)
  A merfolk javelineer (Shoals:2)
  An ettin (Orc:2)
  8 vault guards (D:14)
  2 merfolk impalers (Shoals:2)
  An ogre mage (Orc:2)
  Erolcha (D:11)
  9 hydras
  A rakshasa (D:15)
  An anaconda (Lair:8)
  An ice dragon (Lair:5)
  An alligator snapping turtle (Shoals:3)
  A merfolk aquamancer (Shoals:4)
  4 centaur warriors
  A satyr (Shoals:3)
  Erica (D:8)
  5 death yaks (Lair:3)
  A tengu warrior (D:15)
  6 orc high priests (Orc:2)
  3 sun demons
  9 sea snakes
  3 skeletal warriors (D:15)
  2 unseen horrors
  A swamp dragon (Lair:8)
  3 hill giants
  A gelid demonspawn (Orc:2)
  A putrid demonspawn (Orc:2)
  A lindwurm (Lair:7)
  9 harpies
  5 orc knights (Orc:2)
  A necromancer (D:15)
  16 ugly things
  8 orc sorcerers
  13 fauns
  A wizard (D:15)
  14 cyclopes
  2 deep elf magi
  11 griffons
  11 manticores
  A sixfirhy (Lair:7)
  A salamander (shapeshifter) (D:14)
  9 sirens
  11 elephants
  8 black mambas
  Joseph (D:10)
  A rust devil (Orc:2)
  A naga mage (D:15)
  7 spiny frogs
  A water nymph (Shoals:3)
  Maurice (D:12)
  2 gargoyles
  2 efreet
  4 rime drakes
  A kobold demonologist (D:15)
  5 komodo dragons
  4 red devils (D:15)
  9 trolls
  11 merfolk
  6 wind drakes
  A wolf spider simulacrum (D:15)
  9 slime creatures
  Prince Ribbit (D:8)
  8 blink frogs
  12 snapping turtles
  3 boulder beetles
  11 water elementals
  68 yaks
  A shadow (D:11)
  A wraith (D:15)
  3 wyverns
  A human (D:13)
  8 vampire mosquitoes
  A golden eye (Lair:6)
  A steam dragon (D:11)
  4 basilisks
  A hog (D:13)
  4 hungry ghosts
  19 hippogriffs
  Grum (D:11)
  Edmund (D:4)
  2 chaos spawn (Orc:2)
  2 wargs (Orc:1)
  A naga (Lair:6)
  16 water moccasins
  9 porcupines
  3 black bears
  29 orc warriors
  2 sky beasts
  4 ice beasts
  A wasp (D:14)
  9 phantoms
  The ghost of Lordpen the Skirmisher, an amateur HuBe of Trog (D:3)
  2 eyes of draining (D:14)
  2 wolves (D:10)
  3 necrophages
  15 ogres
  15 centaurs
  15 crocodiles
  3 big kobolds
  16 giant frogs
  A wyvern skeleton (D:14)
  13 killer bees
  A scorpion (D:5)
  A troll zombie (D:12)
  11 wights
  4 electric eels
  2 howler monkeys
  10 crimson imps
  2 giant frog zombies
  4 jellies
  2 quasits
  6 centaur zombies
  26 orc priests
  4 centaur skeletons
  8 hounds
  12 iguanas
  A giant frog skeleton (D:11)
  Natasha (twice) (D:2)
  11 worker ants
  Ijyb (D:2)
  18 orc wizards
  A hell rat (Lair:4)
  7 ogre zombies (D:12)
  15 sheep
  The ghost of Mizofix the Grasshopper, a weakling FoWr (D:15)
  A hound zombie (D:8)
  2 hound skeletons
  3 gnolls (D:3)
  19 adders
  77 river rats
  7 shadow imps
  An ooze (D:3)
  2 adder skeletons
  3 worms
  A dart slug (D:4)
  2 giant geckos
  90 orcs
  5 ball pythons
  8 bats
  14 giant cockroaches
  9 goblins
  10 hobgoblins
  5 jackals
  21 kobolds
  6 quokkas
  6 giant newts
  A goblin skeleton (D:12)
  A goblin zombie (D:12)
  4 hobgoblin skeletons (D:12)
  3 hobgoblin zombies (D:12)
  2 orc skeletons (D:12)
  14 orc zombies (D:12)
  25 rats
  3 fungi (Lair:8)
  6 plants
  3 tentacles (Shoals:3)
  A tentacle segment (Shoals:3)
1084 creatures vanquished.

Vanquished Creatures (collateral kills)
  A merfolk avatar (Shoals:1)
1 creature vanquished.

Vanquished Creatures (others)
  A merfolk aquamancer (Shoals:3)
  37 fungi
  30 plants
  5 tentacles (Shoals:3)
  56 tentacle segments (Shoals:3)
129 creatures vanquished.

Grand Total: 1214 creatures vanquished

Notes
Turn   | Place    | Note
--------------------------------------------------------------
     0 | D:1      | Inkary the Minotaur Fighter began the quest for the Orb.
     0 | D:1      | Reached XP level 1. HP: 19/19 MP: 0/0
   173 | D:1      | Reached XP level 2. HP: 27/27 MP: 1/1
   624 | D:2      | Reached XP level 3. HP: 30/33 MP: 2/2
   741 | D:2      | Reached skill level 4 in Fighting
   784 | D:2      | Reached XP level 4. HP: 38/40 MP: 3/3
   851 | D:2      | Noticed Natasha
   864 | D:2      | Killed Natasha
   894 | D:2      | Noticed Ijyb
   910 | D:2      | Killed Ijyb
  1033 | D:2      | Noticed Natasha
  1041 | D:2      | Killed Natasha
  1041 | D:2      | Reached skill level 5 in Armour
  1041 | D:2      | Reached XP level 5. HP: 23/47 MP: 4/4
  1090 | D:3      | Found a glowing drain.
  1149 | Sewer    | Entered a sewer
  1474 | Sewer    | Reached skill level 5 in Shields
  1474 | Sewer    | Reached XP level 6. HP: 46/53 MP: 5/5
  1533 | Sewer    | Reached skill level 5 in Fighting
  2228 | D:3      | Reached skill level 5 in Maces & Flails
  2288 | D:3      | Noticed Lordpen's ghost (amateur HuBe)
  2293 | D:3      | Killed Lordpen's ghost
  2293 | D:3      | Reached XP level 7. HP: 55/61 MP: 6/6
  2355 | D:3      | Found an iron altar of Okawaru.
  2370 | D:3      | Became a worshipper of Warmaster Okawaru
  2897 | D:4      | Found an opulent altar of Gozag.
  2975 | D:4      | Reached skill level 6 in Fighting
  3063 | D:4      | Noticed Edmund
  3078 | D:4      | Killed Edmund
  3124 | D:4      | Reached * piety under Okawaru
  3124 | D:4      | Reached XP level 8. HP: 58/71 MP: 7/7
  3243 | D:4      | Found a blossoming altar of Fedhas.
  3243 | D:4      | Found a shattered altar of Ashenzari.
  3501 | D:5      | Entered Level 5 of the Dungeon
  3729 | D:5      | Found a white marble altar of Elyvilon.
  3764 | D:5      | Reached skill level 1 in Invocations
  3831 | D:5      | Found a staircase to the Ecumenical Temple.
  4428 | D:6      | Reached skill level 7 in Fighting
  4747 | D:6      | Found an ancient bone altar of Kikubaaqudgha.
  4771 | D:6      | Found a burning altar of Makhleb.
  4852 | D:6      | Found a deep blue altar of Sif Muna.
  4973 | D:6      | Reached ** piety under Okawaru
  5049 | D:6      | Reached XP level 9. HP: 79/79 MP: 10/10
  5380 | D:7      | Reached skill level 8 in Fighting
  5947 | D:8      | Found a staircase to the Lair.
  6043 | D:8      | Noticed Erica
  6051 | D:8      | Killed Erica
  6051 | D:8      | Reached *** piety under Okawaru
  6086 | D:8      | Noticed Prince Ribbit
  6595 | D:8      | Killed Prince Ribbit
  6595 | D:8      | Reached **** piety under Okawaru
  6595 | D:8      | Reached skill level 9 in Fighting
  6595 | D:8      | Reached XP level 10. HP: 91/91 MP: 12/12
  6801 | D:9      | Reached skill level 5 in Invocations
  7532 | D:10     | Entered Level 10 of the Dungeon
  7573 | D:10     | Noticed Joseph
  7594 | D:10     | Killed Joseph
  7594 | D:10     | Reached skill level 10 in Armour
  7981 | D:10     | Got an ominously black robe
  7992 | D:10     | Identified the +1 robe of the Duke {*Confuse +Inv +Fly rF-} (You found it on level 10 of the Dungeon)
  8045 | D:10     | Reached skill level 10 in Fighting
  8076 | D:10     | Reached ***** piety under Okawaru
  8129 | D:10     | Gained mutation: You possess an exceptional clarity of mind. [mutagenic meat]
  8130 | D:10     | Gained mutation: Your muscles are strong. (Str +2) [mutagenic meat]
  8131 | D:10     | Lost mutation: You possess an exceptional clarity of mind. [mutagenic meat]
  8132 | D:10     | Gained mutation: Your mind is acute. (Int +2) [mutagenic meat]
  8139 | D:10     | Reached skill level 10 in Shields
  8158 | D:10     | Reached skill level 10 in Maces & Flails
  8169 | D:10     | Reached XP level 11. HP: 44/101 MP: 13/13
  8694 | D:10     | Noticed a hill giant
  8701 | D:10     | Killed a hill giant
  8727 | D:10     | Reached skill level 11 in Fighting
  8988 | D:11     | Learned a level 2 spell: Blink
  9020 | D:11     | Noticed Grum
  9082 | D:11     | Received a gift from Okawaru
  9086 | D:11     | Killed Grum
  9086 | D:11     | Reached skill level 1 in Spellcasting
  9224 | D:11     | Reached skill level 1 in Translocations
 10303 | D:11     | Noticed a hill giant
 10312 | D:11     | Killed a hill giant
 10500 | D:11     | Got a crystal whip
 10502 | D:11     | Identified the cursed +1 whip of Uncertain Death {flame, Str+2 Dex+3} (You found it on level 11 of the Dungeon)
 10660 | D:11     | Noticed Erolcha
 10675 | D:11     | Killed Erolcha
 11285 | D:11     | Gained mutation: Your spells are a little harder to cast, but a little more powerful. [potion of beneficial mutation]
 11331 | D:12     | Reached skill level 12 in Fighting
 11389 | D:12     | Noticed Maurice
 11412 | D:12     | Killed Maurice
 11590 | D:12     | Reached XP level 12. HP: 109/112 MP: 13/15
 11933 | D:12     | Noticed a seven-headed hydra
 11961 | D:12     | Killed a seven-headed hydra
 11991 | D:12     | Found a staircase to the Orcish Mines.
 12624 | D:12     | Received a gift from Okawaru
 13208 | D:12     | Reached skill level 1 in Axes
 13301 | D:12     | Gained mutation: You possess an exceptional clarity of mind. [potion of beneficial mutation]
 13463 | D:13     | Reached skill level 13 in Fighting
 13583 | D:13     | Noticed a centaur warrior
 13600 | D:13     | Killed a centaur warrior
 13647 | D:13     | Reached skill level 5 in Translocations
 13750 | D:13     | You fall through a shaft!
 13925 | D:13     | Noticed a seven-headed hydra
 14237 | D:13     | Got a jewelled buckler
 14248 | D:13     | Identified the cursed -5 buckler of Gypam {Dex+5} (You found it on level 13 of the Dungeon)
 14455 | D:13     | Killed a seven-headed hydra
 14455 | D:13     | Reached skill level 1 in Dodging
 15060 | D:14     | Found a gate to the Vaults.
 15060 | D:14     | Noticed a vault guard
 15060 | D:14     | Noticed a vault guard
 15060 | D:14     | Noticed a vault guard
 15060 | D:14     | Noticed a vault guard
 15060 | D:14     | Noticed a vault guard
 15061 | D:14     | Noticed a vault guard
 15061 | D:14     | Noticed a vault guard
 15071 | D:14     | Killed a vault guard
 15071 | D:14     | Reached XP level 13. HP: 87/123 MP: 15/18
 15076 | D:14     | Killed a vault guard
 15081 | D:14     | Killed a vault guard
 15086 | D:14     | Killed a vault guard
 15093 | D:14     | Killed a vault guard
 15096 | D:14     | Noticed a vault guard
 15104 | D:14     | Killed a vault guard
 15114 | D:14     | Killed a vault guard
 15114 | D:14     | Received a gift from Okawaru
 15114 | D:14     | Reached skill level 5 in Dodging
 15130 | D:14     | Killed a vault guard
 15539 | D:14     | HP: 6/123 [deep elf mage/bolt of cold (23)]
 16162 | D:14     | Reached skill level 1 in Throwing
 16355 | D:14     | Received a gift from Okawaru
 16360 | D:14     | Gained mutation: You have large cloven feet. [mutagenic meat]
 16776 | Lair:1   | Entered Level 1 of the Lair of Beasts
 18309 | Lair:3   | Learned a level 2 spell: Repel Missiles
 18865 | Lair:3   | Reached XP level 14. HP: 97/130 MP: 13/19
 18882 | Lair:3   | Received a gift from Okawaru
 19505 | Lair:3   | Identified the Tome of Shape Shifting and Stones
 19866 | Lair:4   | Found a staircase to the Shoals.
 20285 | Lair:4   | Reached skill level 15 in Maces & Flails
 20898 | Lair:5   | Received a gift from Okawaru
 21632 | Lair:6   | Learned a level 7 spell: Dragon Form
 21713 | Lair:6   | Found a viscous altar of Jiyva.
 21713 | Lair:6   | Found a staircase to the Slime Pits.
 21792 | Slime:1  | Entered Level 1 of the Pits of Slime
 21809 | Lair:6   | Found a staircase to the Snake Pit.
 21829 | Lair:6   | Reached skill level 10 in Dodging
 22287 | Snake:1  | Entered Level 1 of the Snake Pit
 24143 | Lair:8   | Entered Level 8 of the Lair of Beasts
 24346 | Lair:8   | Identified Wumuuk Odang's Compendium of Poisoning and the Voyage
 24492 | Lair:8   | Received a gift from Okawaru
 24604 | Lair:8   | Reached skill level 5 in Spellcasting
 24606 | Lair:8   | Noticed amentoraz's ghost (journeyman GrFi)
 24624 | Lair:8   | Killed amentoraz's ghost
 25186 | Lair:8   | Learned a level 2 spell: Slow
 25188 | Lair:8   | Learned a level 1 spell: Corona
 25192 | Lair:8   | Learned a level 3 spell: Portal Projectile
 25636 | Lair:8   | Received a gift from Okawaru
 25636 | Lair:8   | Reached XP level 15. HP: 116/137 MP: 21/21
 26794 | Orc:1    | Entered Level 1 of the Orcish Mines
 26959 | Orc:1    | Found Ikub's Jewellery Emporium.
 27044 | Orc:1    | Received a gift from Okawaru
 27328 | Orc:2    | Entered Level 2 of the Orcish Mines
 27328 | Orc:2    | Found Sukhol's Food Boutique.
 27328 | Orc:2    | Found a staircase to the Elven Halls.
 27373 | Orc:2    | Bought a bread ration for 65 gold pieces
 27373 | Orc:2    | Bought a bread ration for 65 gold pieces
 27638 | Orc:2    | Found Wiuntod's Food Emporium.
 27660 | Orc:2    | Found Keud's Food Shoppe.
 27977 | Orc:2    | Bought a bread ration for 55 gold pieces
 27977 | Orc:2    | Bought a meat ration for 55 gold pieces
 27977 | Orc:2    | Bought a bread ration for 55 gold pieces
 27994 | Orc:2    | Reached skill level 14 in Fighting
 28159 | Orc:2    | Paralysed by an orc sorcerer for 4 turns
 28165 | Orc:2    | Paralysed by an orc sorcerer for 2 turns
 28823 | Orc:2    | Paralysed by an orc sorcerer for 5 turns
 28833 | Orc:2    | Received a gift from Okawaru
 28960 | Orc:2    | Found Janledalei's Gadget Boutique.
 28960 | Orc:2    | Found Waecajepn's Antique Weapon Shop.
 28960 | Orc:2    | Found a one-way gate leading to the halls of Pandemonium.
 29500 | Orc:1    | Bought the ring of the Solstice {rCorr rF++ MR+ Int-3 SInv} for 768 gold pieces
 29500 | Orc:1    | Bought an uncursed ring of sustain attributes for 280 gold pieces
 29615 | D:15     | Entered Level 15 of the Dungeon
 29927 | D:15     | Gained mutation: Your flesh is heat resistant. [mutagenic meat]
 29931 | D:15     | Noticed Mizofix's ghost (weakling FoWr)
 29938 | D:15     | Killed Mizofix's ghost
 30030 | D:15     | Reached skill level 15 in Fighting
 30041 | D:15     | Received a gift from Okawaru
 30046 | D:15     | Gained mutation: Your body sometimes deteriorates upon taking damage. [mutagenic meat]
 30048 | D:15     | Gained mutation: You are somewhat resistant to further mutation. [mutagenic meat]
 30143 | D:15     | Reached XP level 16. HP: 90/149 MP: 22/22
 30265 | D:15     | Got a scorched ring mail
 30276 | D:15     | Identified the +5 ring mail of the Butterfly {rPois Str+3} (You found it on level 15 of the Dungeon)
 30506 | D:15     | Received a gift from Okawaru
 30686 | D:15     | Found a staircase to the Depths.
 30891 | D:15     | Received a gift from Okawaru
 30944 | D:15     | Lost mutation: Your body sometimes deteriorates upon taking damage. [mutagenic meat]
 30945 | D:15     | Gained mutation: Your spells are harder to cast, but more powerful. [mutagenic meat]
 31152 | Orc:2    | Bought a beef jerky for 16 gold pieces
 31152 | Orc:2    | Bought a beef jerky for 16 gold pieces
 31152 | Orc:2    | Bought a bread ration for 55 gold pieces
 31152 | Orc:2    | Bought a beef jerky for 16 gold pieces
 31152 | Orc:2    | Bought a meat ration for 55 gold pieces
 31436 | Shoals:1 | Entered Level 1 of the Shoals
 32778 | Shoals:2 | Reached skill level 16 in Fighting
 33139 | Shoals:2 | Received a gift from Okawaru
 34114 | Shoals:3 | Noticed a kraken
 34143 | Shoals:3 | Killed a kraken
 34291 | Shoals:3 | Reached XP level 17. HP: 120/160 MP: 20/23
 34446 | Shoals:3 | Received a gift from Okawaru
 34499 | Shoals:3 | Found Odghux's Book Shoppe.
 34731 | Shoals:3 | Reached skill level 17 in Fighting
 34790 | Shoals:4 | Entered Level 4 of the Shoals
 34826 | Shoals:4 | Noticed Ilsuiw
 34912 | Shoals:4 | Killed from afar by a water nymph

Skill      XL: |  1  2  3  4  5  6  7  8  9 10 11 12 13 14 15 16 17 |
---------------+----------------------------------------------------+-----
Armour         | 4 5 6 8 9 10 12 14 | 14.6
Shields        | 4 5 6 7 8 10 11 12 14 | 14.9
Maces & Flails | 3 4 5 7 8 10 11 12 14 15 | 15.9
Fighting       | 4 5 6 7 9 10 12 13 15 16 17 | 17.0
Invocations    | 2 4 5 |  5.0
Spellcasting   | 3 4 5 |  5.0
Translocations | 3 5 6 7 8 |  8.2
Axes           | 1 |  1.0
Dodging        | 3 8 10 | 10.3
Throwing       | 3 4 |  4.0

Action                   |  1- 3 |  4- 6 |  7- 9 | 10-12 | 13-15 | 16-18 || total
-------------------------+-------+-------+-------+-------+-------+-------++-------
Melee: Flail             |    83 |   198 |   332 |   362 |       |     8 ||   983
       Headbutt          |    12 |    38 |    72 |   338 |   960 |   475 ||  1895
       Whip              |       |       |       |   617 |  2370 |  1125 ||  4112
       Broad axe         |       |       |       |    28 |       |       ||    28
       Kick              |       |       |       |       |  1349 |   694 ||  2043
Throw: Tomahawk          |       |       |       |       |    49 |    46 ||    95
       Javelin           |       |       |       |       |    14 |     1 ||    15
       Throwing net      |       |       |       |       |       |     4 ||     4
 Cast: Blink             |       |       |       |       |     2 |       ||     2
       Portal Projectile |       |       |       |       |     2 |       ||     2
Invok: Heroism           |       |       |       |    44 |    62 |    22 ||   128
       Finesse           |       |       |       |     4 |    10 |     2 ||    16
Evoke: Deck              |       |       |       |     1 |       |     2 ||     3
       Wand              |       |       |       |       |     7 |     2 ||     9
       Box of beasts     |       |       |       |       |       |     1 ||     1
  Use: Potion            |       |     1 |     1 |     8 |    11 |    10 ||    31
       Scroll            |       |       |    12 |    15 |    25 |     5 ||    57
 Stab: Distracted        |       |       |       |       |     1 |       ||     1
       Sleeping          |       |       |       |       |     1 |       ||     1
  Eat: Chunk             |       |     5 |    14 |    34 |    50 |    17 ||   120
       Pizza             |       |       |       |     2 |     1 |     1 ||     4
       Fruit             |       |       |       |     1 |     6 |     3 ||    10
       Beef jerky        |       |       |       |       |     3 |     1 ||     4
       Royal jelly       |       |       |       |       |       |     1 ||     1
Armor: Scale mail        |    40 |    95 |   105 |   266 |    67 |       ||   573
       Skin              |       |       |       |     6 |     2 |     7 ||    15
       Chain mail        |       |       |       |       |   231 |     1 ||   232
       Shadow dragon arm |       |       |       |       |    57 |       ||    57
       Ring mail         |       |       |       |       |       |   146 ||   146
Dodge: Dodged            |    26 |    59 |    82 |   252 |   710 |   484 ||  1613
Block: Shield            |    53 |   144 |   156 |   441 |   994 |   661 ||  2449
       Buckler           |       |       |       |     6 |       |       ||     6
